 Dungeon Crawl Stone Soup version 0.24-a0-462-ge24419a6ad (webtiles) character file.

Game seed: 14352731320611368329

1077 opck the Chucker (level 8, 0/56 HPs)
             Began as an Octopode Chaos Knight on July 2, 2019.
             Was a Plaything of Xom.
             Slain by a rust devil (8 damage)
             ... summoned by Xom
             ... on level 6 of the Dungeon.
             The game lasted 01:03:17 (7510 turns).

opck the Chucker (Octopode Chaos Knight)            Turns: 7510, Time: 01:03:18

Health: 0/56       AC: -2    Str: 12      XL:     8   Next: 29%
Magic:  8/8        EV: 13    Int: 15      God:    Xom [......]
Gold:   317        SH:  0    Dex: 10 (13) Spells: 2/7 levels left

rFire    . . .     SeeInvis .   a - +3 dagger
rCold    . . .     Gourm    .   (no shield)
rNeg     . . .     Faith    .   (helmet restricted)
rPois    +         Spirit   .   (no amulet)
rElec    .         Reflect  .   s - ring of protection from magic
rCorr    .         Harm     .   B - ring "Atocit" {rPois Int+3}
MR       +....     Rnd*Rage +   (no ring)
Stlth    ++++......             (no ring)
HPRegen  0.18/turn              (no ring)
MPRegen  0.11/turn              (no ring)
                                (no ring)
                                (no ring)

@: corroded
A: almost no armour, stealthy swim, amphibious, 8 rings, constrict 8, rugged
brown scales 1, camouflage 1, berserk 1, blurry vision 1, dopey 1, gelatinous
body 1
a: Renounce Religion


You were on level 6 of the Dungeon.
You worshipped Xom.
You were a very special plaything of Xom.
You were not hungry.

You visited 1 branch of the dungeon, and saw 6 of its levels.

You collected 317 gold pieces.

Inventory:

Hand Weapons
 a - a +3 dagger (weapon)
Missiles
 b - 2 silver javelins
 c - 127 stones
 d - 4 atropa-tipped darts (quivered)
 m - 20 poisoned darts
 v - 9 boomerangs
Armour
 y - a +0 shield
Magical Staves
 q - an uncursed staff of earth
Jewellery
 s - a ring of protection from magic (left tentacle)
 B - the ring "Atocit" (right tentacle) {rPois Int+3}
   (You found it on level 5 of the Dungeon)

   [ring of poison resistance]

   It affects your intelligence (+3).
   It protects you from poison.
Wands
 l - a wand of polymorph (6)
Scrolls
 g - a scroll of enchant armour {unknown}
 j - a scroll of noise {unknown}
 n - a scroll of enchant weapon {unknown}
 t - a scroll of remove curse {@r2}
Potions
 i - a potion of brilliance
 k - a potion of agility {@q5}
 r - a potion of cancellation {unknown}
 u - a potion of resistance {unknown}
 w - 2 potions of lignification
 z - a potion of magic {unknown}
 C - a potion of degeneration {unknown}
Comestibles
 h - 14 rations


   Skills:
 - Level 5.0 Fighting
 - Level 5.4 Throwing
 - Level 2.7 Dodging
 - Level 5.0 Stealth
 - Level 0.2 Shields
 + Level 4.2 Unarmed Combat
 * Level 3.1 Transmutations
 - Level 2.0 Poison Magic


You had 2 spell levels left.
You knew the following spells:

 Your Spells              Type           Power        Failure   Level  Hunger
a - Sticks to Snakes      Tmut           #.......     11%         2    ###....
b - Spider Form           Tmut/Pois      #.........   28%         3    ####...

Your spell library contained the following spells:

 Spells                   Type           Power        Failure   Level  Hunger
 Beastly Appendage        Tmut           #.....       8%          1    ##.....
 Ice Form                 Ice/Tmut       #.......     80%         4    #####..
 Blade Hands              Tmut           #.........   90%         5    ######.


Dungeon Overview and Level Annotations

Branches:
Dungeon (6/15)             Temple (0/1) D:4

Altars:
Hepliaklqana
Makhleb
Okawaru

Annotations:
D:5 exclusion: downstairs
D:6 exclusion: crimson imp, Dowan, Prince Ribbit


Innate Abilities, Weirdness & Mutations

You cannot wear most types of armour.
You are very stealthy in the water. (Stealth+)
You are amphibious.
You can wear up to eight rings at the same time.
You can use your tentacles to constrict eight enemies at once.
Your skin changes colour to match your surroundings (Stealth+).
Your rubbery body absorbs attacks. (AC +1, EV +1)
You are partially covered in rugged brown scales. (AC +1, +3% HP)
You tend to lose your temper in combat.
Scrolls take you a little longer to read.
You are dopey. (Int -2)


Message History

Unknown command.
The rust devil hits you. The rust devil corrodes you!
The red devil hits you from afar with a cursed +0 trident!
The quasit bites you. The quasit closely misses you. The quasit claws you.
You feel clumsy. Dowan misses you.
Dowan gestures wildly while chanting.
Dowan blinks!
The quasit bites you. The quasit closely misses you. The quasit claws you.
You feel clumsy. The rust devil barely misses you.
You bump into the rock wall.
You feel less invigorated.
You feel less confused. The quasit bites you. The quasit barely misses you.
The quasit claws you.
You feel clumsy.
The red devil hits you from afar with a cursed +0 trident.
* * * LOW HITPOINT WARNING * * *
The rust devil hits you!
You die...
Xom is highly amused!

#.............#
#.....e.......#
#......######.#
#..........##.########
#..........##.#......#
#####.......##......e.#
#...........##.ยง4.....#
#......##'####455.....#
#......##..# #@#......#
#......###'###.#......#
#..............#......#
#..............########
#.e............#
#######........#
#..$.....# #5.......#
#......F.#


You could see a rust devil, a red devil, Dowan, a quasit and a white imp.

Vanquished Creatures
  Duvessa
  3 ogres
  A centaur
  A bullfrog
  A bullfrog zombie
  A crimson imp
  A bullfrog skeleton
  A hound
  A jelly
  An orc priest
  An iron imp
  3 orc wizards
  An iguana
  3 worker ants
  A hound skeleton
  5 adders
  2 shadow imps
  An adder skeleton
  An adder zombie
  3 worms
  3 dart slugs
  A leopard gecko
  11 orcs
  A giant cockroach
  5 goblins
  7 hobgoblins
  9 jackals
  A quokka
  3 ball pythons
  10 bats
  8 frilled lizards
  A giant cockroach zombie
  A jackal skeleton
  5 kobolds
  5 rats
104 creatures vanquished.

Vanquished Creatures (others)
  An orc warrior
  2 orcs
3 creatures vanquished.

Grand Total: 107 creatures vanquished

Notes
Turn   | Place    | Note
-------+----------+-------------------------------------------
     0 | D:1      | opck the Octopode Chaos Knight began the quest for the Orb.
     0 | D:1      | Reached XP level 1. HP: 16/16 MP: 1/1
    80 | D:1      | XOM: harmless Necr miscast
   105 | D:1      | XOM: harmless Ice miscast
   225 | D:1      | XOM: harmless Erth miscast
   383 | D:1      | XOM: potion effect (invisibility)
   428 | D:1      | XOM: divination: detect creatures
   438 | D:1      | Reached XP level 2. HP: 20/21 MP: 2/2
   439 | D:1      | Reached skill level 1 in Stealth
   667 | D:1      | XOM: give mutations
   667 | D:1      | Gained mutation: You are clumsy. (Dex -2) [Xom's mischief]
   667 | D:1      | Gained mutation: You have a pair of small antennae on your
                  | head. [Xom's mischief]
   667 | D:1      | Gained mutation: Scrolls take you a little longer to read.
                  | [Xom's mischief]
  1088 | D:2      | Reached XP level 3. HP: 26/26 MP: 3/3
  1115 | D:2      | XOM: medium Tmut miscast
  1139 | D:2      | Gained mutation: You are very clumsy. (Dex -4) [mutagenic
                  | glow]
  1171 | D:1      | Gained mutation: You are dopey. (Int -2) [mutagenic glow]
  1357 | D:2      | XOM: mild Air miscast
  1959 | D:2      | XOM: summons 1 hostile demon
  2285 | D:2      | XOM: harmless Ice miscast
  2292 | D:2      | Reached skill level 2 in Stealth
  2358 | D:2      | Found a burning altar of Makhleb.
  2363 | D:2      | Reached skill level 4 in Fighting
  2363 | D:2      | Reached XP level 4. HP: 26/33 MP: 4/4
  2468 | D:3      | XOM: torment (18/33 hp)
  2742 | D:3      | XOM: polymorph kobold -> adder
  2785 | D:2      | XOM: give mutations
  2785 | D:2      | Gained mutation: You tend to lose your temper in combat.
                  | [Xom's mischief]
  2785 | D:2      | Gained mutation: You are partially covered in rugged brown
                  | scales. (AC +1, +3% HP) [Xom's mischief]
  2785 | D:2      | Lost mutation: You have a pair of small antennae on your
                  | head. [Xom's mischief]
  2916 | D:3      | Reached skill level 1 in Throwing
  2916 | D:3      | Reached skill level 3 in Stealth
  3223 | D:3      | XOM: medium Chrm miscast
  3728 | D:4      | Found a staircase to the Ecumenical Temple.
  3754 | D:4      | Reached XP level 5. HP: 35/38 MP: 5/5
  3787 | D:4      | Reached skill level 2 in Throwing
  4405 | D:4      | Reached skill level 4 in Stealth
  4421 | D:3      | XOM: harmless Pois miscast
  4548 | D:4      | Found an iron altar of Okawaru.
  4687 | D:4      | XOM: summons 2 hostile demons
  4749 | D:4      | Reached skill level 3 in Throwing
  4749 | D:4      | Reached XP level 6. HP: 28/44 MP: 6/6
  4968 | D:4      | XOM: mild Conj miscast
  5052 | D:4      | Found a hazy altar of Hepliaklqana.
  5198 | D:5      | Entered Level 5 of the Dungeon
  5331 | D:5      | Reached skill level 4 in Throwing
  5448 | D:4      | XOM: give mutation
  5448 | D:4      | Lost mutation: You are very clumsy. (Dex -4) [Xom's
                  | mischief]
  5482 | D:5      | Reached skill level 5 in Stealth
  5520 | D:5      | XOM: give mutations
  5520 | D:5      | Lost mutation: You are clumsy. (Dex -2) [Xom's mischief]
  5520 | D:5      | Gained mutation: Scrolls take you longer to read. [Xom's
                  | mischief]
  5520 | D:5      | Lost mutation: Scrolls take you longer to read. [Xom's
                  | mischief]
  5568 | D:5      | XOM: polymorph crimson imp -> iron imp
  5573 | D:5      | Reached XP level 7. HP: 50/50 MP: 7/7
  5577 | D:5      | Reached skill level 5 in Throwing
  5660 | D:5      | XOM: medium Chrm miscast
  5691 | D:5      | XOM: harmless Tloc miscast
  5905 | D:5      | Reached skill level 5 in Fighting
  5962 | D:5      | Identified the ring "Atocit" {rPois Int+3}
  5975 | D:5      | Noticed a shapeshifter
  5975 | D:5      | an orc wizard changed into a shapeshifter
  5975 | D:5      | XOM: polymorph orc wizard -> shapeshifter
  5975 | D:5      | a shapeshifter changed into something unseen
  5984 | D:5      | Noticed a slime creature
  5987 | D:5      | XOM: summons 3 hostile demons
  5991 | D:5      | Noticed a satyr
  5991 | D:5      | a slime creature changed into a satyr
  6167 | D:5      | Noticed an azure jelly
  6177 | D:5      | Noticed a shapeshifter
  6177 | D:5      | an azure jelly changed into a shapeshifter
  6177 | D:5      | a shapeshifter changed into an eye of draining
  6180 | D:5      | XOM: confusion
  6180 | D:5      | Noticed a meliai
  6180 | D:5      | an eye of draining changed into a meliai
  6182 | D:5      | Noticed a shapeshifter
  6182 | D:5      | a meliai changed into a shapeshifter
  6182 | D:5      | Noticed a polar bear
  6182 | D:5      | a shapeshifter changed into a polar bear
  6195 | D:5      | Noticed a golden eye
  6195 | D:5      | a polar bear changed into a golden eye
  6198 | D:5      | Noticed a spriggan
  6198 | D:5      | a golden eye changed into a spriggan
  6199 | D:5      | XOM: mild Air miscast
  6337 | D:5      | Noticed a golden eye
  6337 | D:5      | XOM: medium Hex miscast
  6338 | D:5      | XOM: chaos cloud
  6450 | D:5      | Learned a level 2 spell: Sticks to Snakes
  6471 | D:6      | XOM: summons 3 hostile demons
  6472 | D:6      | Noticed a chaos spawn
  6706 | D:5      | XOM: harmless Chrm miscast
  6708 | D:5      | XOM: mild Necr miscast
  6715 | D:5      | XOM: blink monster(s)
  6715 | D:5      | HP: 8/51 [ice beast (3)]
  6715 | D:5      | HP: 3/51 [ice beast (5)]
  6755 | D:5      | Noticed a shapeshifter
  6755 | D:5      | an ice beast changed into a shapeshifter
  6755 | D:5      | XOM: polymorph ice beast -> shapeshifter
  6755 | D:5      | Noticed a black mamba
  6755 | D:5      | a shapeshifter changed into a black mamba
  6854 | D:4      | XOM: divination: detect items
  7018 | D:6      | XOM: god gift: 3 rations {god gift}
  7024 | D:6      | XOM: divine lightning
  7031 | D:6      | Reached skill level 1 in Transmutations
  7096 | D:6      | Reached skill level 2 in Transmutations
  7101 | D:6      | Learned a level 3 spell: Spider Form
  7108 | D:6      | Noticed Duvessa
  7111 | D:6      | Noticed Dowan
  7135 | D:6      | Noticed Prince Ribbit
  7170 | D:6      | Reached skill level 3 in Transmutations
  7170 | D:6      | Reached XP level 8. HP: 56/56 MP: 8/8
  7253 | D:6      | XOM: potion effect (agility)
  7262 | D:6      | Reached skill level 1 in Poison Magic
  7499 | D:6      | XOM: swap monsters
  7505 | D:6      | XOM: summons 4 hostile demons
  7506 | D:6      | Noticed a red devil
  7506 | D:6      | Noticed a rust devil
  7507 | D:6      | Killed Duvessa
  7507 | D:6      | Reached skill level 4 in Unarmed Combat
  7507 | D:6      | Reached skill level 2 in Poison Magic
  7510 | D:6      | HP: 8/56 [red devil/cursed +0 trident[Xom] (6)]
  7510 | D:6      | Slain by a rust devil

Levels and vault maps discovered:
D:1:      minmay_arrival_glassed_features, layout_loops_cross
D:2:      layout_basic, makhleb_blood_cavern_becter
D:3:      layout_rooms
D:4:      layout_loops_ring, lemuel_doored_altar, temple_doors_cd,
          okawaru_metal_pillars_3
D:5:      wad_pebble_path, layout_loops_ring, first_ration
D:6:      layout_basic, uniq_prince_ribbit1, uniq_duvessa

Skill      XL: |  1  2  3  4  5  6  7  8 |
---------------+-------------------------+-----
Stealth        | 1 2 3 4 5 |  5.0
Fighting       | 4 5 |  5.0
Throwing       | 1 3 4 5 |  5.4
Transmutations | 3 |  3.1
Poison Magic   | 2 |  2.0
Unarmed Combat | 4 |  4.2
Dodging        | |  2.7
Shields        | |  0.2

Action                   |  1- 3 |  4- 6 |  7- 9 || total
-------------------------+-------+-------+-------++-------
Melee: Unarmed           |    78 |    52 |    12 ||   142
       Constrict         |    20 |    31 |    10 ||    61
       Tentacles         |    16 |    17 |    10 ||    43
       Dagger            |       |    94 |    35 ||   129
       Punch             |       |     3 |     1 ||     4
Throw: Stone             |    20 |    79 |     1 ||   100
       Javelin           |     6 |     8 |     5 ||    19
       Dart              |     1 |    18 |     7 ||    26
       Boomerang         |       |    18 |    21 ||    39
 Cast: Spider Form       |       |       |     2 ||     2
Evoke: Wand              |       |       |     3 ||     3
  Use: Scroll            |     3 |     6 |     3 ||    12
       Potion            |     1 |     1 |     4 ||     6
 Stab: Sleeping          |     4 |     4 |     6 ||    14
  Eat: Chunk             |     4 |    10 |     3 ||    17
       Ration            |       |       |     1 ||     1
Armor: Skin              |     4 |    15 |     3 ||    22
Dodge: Dodged            |    46 |    79 |    42 ||   167
Block: Shield            |       |       |    17 ||    17

Table legend:
 A = Non-vault XP
 B = Vault XP
 C = Vault XP percentage of total XP
 D = Non-vault monster count
 E = Vault monster count
 F = Vault count percentage of total count
                 A         B        C        D         E       F
            +---------+---------+-------+---------+---------+-------
      Total |    1354 |     185 |  12.0 |     103 |       2 |   1.9
            +---------+---------+-------+---------+---------+-------
        D:1 |      36 |       0 |   0.0 |      23 |       0 |   0.0
        D:2 |      48 |      43 |  47.3 |      17 |       1 |   5.6
        D:3 |      80 |       0 |   0.0 |      22 |       0 |   0.0
        D:4 |     188 |       0 |   0.0 |      13 |       0 |   0.0
        D:5 |     564 |       0 |   0.0 |      19 |       0 |   0.0
        D:6 |     438 |     142 |  24.5 |       9 |       1 |  10.0
            +---------+---------+-------+---------+---------+-------
